 Dungeon Crawl Stone Soup version 0.20.1-1-g8b1a95d (webtiles) character file.

8701 Larett the Fighter (level 11, -7/111 HPs)
             Began as a Minotaur Berserker on Oct 4, 2017.
             Was a High Priest of Trog.
             Mangled by an orc knight
             ... wielding a +0 trident
              (19 damage)
             ... in a bailey on Oct 22, 2017.
             The game lasted 00:30:34 (11183 turns).

Larett the Fighter (Minotaur Berserker)            Turns: 11183, Time: 00:30:35

Health: -7/111     AC: 13    Str: 24    XL:     11   Next: 13%
Magic:  8/8        EV: 12    Int:  6    God:    Trog [*****.]
Gold:   522        SH:  0    Dex: 14    Spells: 10/10 levels left

rFire    . . .     SeeInvis .   a - +3 quarterstaff (crush)
rCold    . . .     Gourm    .   (shield currently unavailable)
rNeg     . . .     Faith    .   m - +1 ring mail {MR+}
rPois    +         Spirit   .   G - +2 hat
rElec    .         Reflect  .   S - +0 cloak
rCorr    .         Harm     .   Y - +2 pair of gloves {Str+3}
MR       +++..                  (no boots)
Stlth    +.........             (no amulet)
Regen    1.3/turn               s - +1 ring of protection
MPRegen  0.2/turn               (no ring)

@: berserk cooldown, regenerating, slowed, very slow
A: retaliatory headbutt, horns 2, clever 1, low mp 1, poison resistance
a: Berserk, Trog's Hand, Brothers in Arms, Burn Spellbooks, Renounce Religion


You were in a bailey.
You worshipped Trog.
Trog was extremely pleased with you.
You were near starving.

You visited 1 branch of the dungeon, and saw 9 of its levels.
You also visited: Sewer and Bailey.

You collected 522 gold pieces.

Inventory:

Hand Weapons
 a - a +3 quarterstaff of crushing (weapon)
 b - a +0 blowgun
 g - a +0 hunting sling
 p - a +4 quarterstaff of chaos
 U - a +0 hand axe
 W - a +2 dire flail of holy wrath
Missiles
 f - 153 sling bullets
 i - 54 poisoned needles
 u - 10 curare-tipped needles
 w - 213 stones (quivered)
 x - 236 arrows
 F - 71 bolts
Armour
 h - a +0 robe of positive energy
 m - a +1 ring mail of magic resistance (worn)
 o - a +0 scale mail of positive energy
 C - a +2 leather armour of fire resistance
 G - a +2 hat (worn)
 S - a +0 cloak (worn)
 Y - a +2 pair of gloves of strength (worn)
Jewellery
 s - a +1 ring of protection (left hand)
Wands
 y - a wand of lightning (3/15)
 I - a wand of iceblast (4/15)
 L - a wand of lightning (12/15)
Scrolls
 k - 2 scrolls of immolation
 l - 3 scrolls of recharging
 q - a scroll of remove curse
 B - a scroll of blinking
 H - 3 scrolls of enchant weapon
 T - 4 scrolls of teleportation
Potions
 d - a potion of degeneration {unknown}
 e - 6 potions of heal wounds
 n - 3 potions of flight
 v - a potion of might {unknown}
 D - a potion of agility {unknown}
 E - a potion of ambrosia {unknown}
 K - a potion of brilliance {unknown}
 N - a potion of magic
 Q - 6 potions of curing
 V - a potion of haste
 Z - 2 potions of lignification {unknown}
Comestibles
 c - 4 bread rations
 j - 10 fruits
 r - 12 royal jellies
 t - 17 chunks of flesh {@w1}
 z - 2 meat rations


   Skills:
 + Level 14.4 Fighting
 + Level 14.3 Axes
 - Level 2.4 Armour
 - Level 2.1 Dodging


You had 10 spell levels left.
You didn't know any spells.

Dungeon Overview and Level Annotations

Branches:
Dungeon (9/15)             Temple (0/1) D:4
   Lair: D:8-11         Orc: D:9-12

Altars:
Cheibriados
Dithmenos
Hepliaklqana
Makhleb
Ru
Sif Muna
Trog
Uskayaw
Vehumet
Xom


Innate Abilities, Weirdness & Mutations

You reflexively headbutt those who attack you in melee.
You have a pair of horns on your head.
Your mind is acute. (Int +2)
Your magical capacity is low. (-10% MP)
Your system is resistant to poisons. (rPois)


Message History

The orc warrior hits you but does no damage.
The orc hits you but does no damage. The orc barely misses you.
The orc knight hits you from afar with a trident.
You hit the orc but do no damage. You headbutt the orc.
You kill the orc!
Trog accepts your kill.
The orc knight no longer looks unusually strong.
The orc knight hits you from afar with a halberd!!
The orc knight closely misses you.
The orc knight no longer looks unusually strong.
The orc warrior no longer looks unusually strong.
The orc knight hits you from afar with a trident!
The orc knight hits you from afar with a halberd!
* * * LOW HITPOINT WARNING * * *
The orc knight hits you from afar with a trident!
* * * LOW HITPOINT WARNING * * *
The orc knight hits you from afar with a halberd!
* * * LOW HITPOINT WARNING * * *
The orc knight hits you from afar with a trident!!
You die...

#.≈.######## ##########.≈
#.≈.##.$$$.##§§§....§§##.....##.≈
#.≈..## ##.§≈≈≈≈§§≈§.#'...##.)≈
#.≈≈..## ##.§§≈..§§§§§..##.##.)≈≈
#∩.≈≈..# #..§≈...⌠...≈≈..#'#..≈≈.
##.≈≈..# #..§§§§o⌠⌠..≈≈..#'#..≈≈.
#.≈≈..## #..≈§oo...≈≈..## ##..≈≈
#.≈..## #.§≈§≈≈§≈≈..# ##..≈
#.≈.## #...@.o.).# ##.≈
#.≈.#############'###'#########.≈
#.≈..).......##.....##..........≈
#.≈≈≈≈≈≈≈≈≈≈..##.∩.##.)≈≈≈≈≈≈≈≈≈≈
#..........≈≈..##.##..≈≈.........
##########..≈≈..###..≈≈..########
##..≈≈.....≈≈..## ##..≈≈≈≈≈≈≈..##
##.........##


You could see 2 orc knights and 2 orc warriors.

Vanquished Creatures
  A centaur warrior (D:8)
  2 two-headed ogres (D:8)
  A harpy (D:8)
  A cyclops (D:8)
  Joseph (D:7)
  Psyche (D:8)
  Grinder (D:6)
  A hippogriff (D:8)
  Sigmund (D:2)
  Eustachio (D:4)
  A wyvern (D:7)
  Grum (D:8)
  A vampire mosquito (D:8)
  Edmund (D:4)
  Duvessa (D:4)
  A sky beast (D:7)
  4 orc warriors
  A phantom (D:7)
  2 ice beasts
  The ghost of antares the Ruffian, an amateur DrTm (D:3)
  3 wolves (D:8)
  3 centaurs
  3 ogres
  A crocodile (Sewer)
  3 big kobolds
  Blork the orc (D:5)
  4 bullfrogs
  Dowan (D:4)
  2 scorpions
  A wyvern skeleton (D:8)
  The ghost of fitz the Chopper, a weakling MiFi (Sewer)
  6 wights
  An electric eel (D:8)
  3 crimson imps
  3 hounds
  4 jellies
  3 orc priests
  9 orc wizards
  Crazy Yiuf (D:4)
  3 iguanas
  6 worker ants
  A statue (D:7)
  A hound skeleton (D:8)
  A howler monkey zombie (D:8)
  A worker ant zombie (D:7)
  10 gnolls
  11 adders
  2 shadow imps
  9 oozes
  2 adder zombies (D:8)
  4 worms (D:3)
  4 dart slugs
  5 leopard geckos
  46 orcs
  2 ball pythons
  6 bats
  8 giant cockroaches
  10 hobgoblins
  10 jackals
  4 quokkas
  5 frilled lizards
  7 goblins
  37 kobolds
  12 rats
  A plant (D:5)
286 creatures vanquished.

Vanquished Creatures (others)
  A plant (D:8)
1 creature vanquished.

Grand Total: 287 creatures vanquished

Notes
Turn   | Place    | Note
-------+----------+-------------------------------------------
     0 | D:1      | Larett the Minotaur Berserker began the quest for the Orb.
     0 | D:1      | Reached XP level 1. HP: 19/19 MP: 0/0
   259 | D:1      | Reached XP level 2. HP: 25/27 MP: 1/1
  1053 | D:2      | Reached XP level 3. HP: 34/34 MP: 2/2
  1103 | D:2      | Noticed Sigmund
  1116 | D:2      | Killed Sigmund
  1116 | D:2      | Reached XP level 4. HP: 21/44 MP: 3/3
  1116 | D:2      | Reached XP level 5. HP: 23/50 MP: 4/4
  1517 | D:2      | Reached ** piety under Trog
  1555 | D:2      | Found a deep blue altar of Sif Muna.
  1620 | D:2      | Reached skill level 6 in Axes
  1707 | D:2      | Reached skill level 6 in Fighting
  2236 | D:3      | Found a shimmering altar of Xom.
  2239 | D:3      | Found a deep blue altar of Sif Muna.
  2239 | D:3      | Found a shimmering altar of Xom.
  2241 | D:3      | Found a snail-covered altar of Cheibriados.
  2241 | D:3      | Found a hazy altar of Hepliaklqana.
  2241 | D:3      | Found a burning altar of Makhleb.
  2373 | D:3      | Noticed a moth of wrath
  2387 | D:3      | Found a bloodstained altar of Trog.
  2402 | D:3      | Reached XP level 6. HP: 54/57 MP: 5/5
  2455 | D:3      | Noticed antares's ghost (amateur DrTm)
  2468 | D:3      | Killed antares's ghost
  2582 | D:3      | Found a faded altar of an unknown god.
  3247 | D:4      | Reached *** piety under Trog
  3253 | D:4      | Reached XP level 7. HP: 60/66 MP: 6/6
  3396 | D:4      | Noticed Edmund
  3406 | D:4      | Killed Edmund
  3559 | D:4      | Noticed Duvessa
  3561 | D:4      | Noticed Dowan
  3567 | D:4      | Killed Duvessa
  3568 | D:4      | Killed Dowan
  3647 | D:4      | Found a staircase to the Ecumenical Temple.
  3768 | D:4      | Found a bloodstained altar of Trog.
  3905 | D:4      | Noticed Eustachio
  3922 | D:4      | Killed Eustachio
  3922 | D:4      | Reached XP level 8. HP: 67/77 MP: 7/7
  4059 | D:4      | Reached skill level 9 in Fighting
  4068 | D:4      | Reached skill level 9 in Axes
  4303 | D:4      | Found a runed door.
  4309 | D:4      | Noticed Crazy Yiuf
  4311 | D:4      | Killed Crazy Yiuf
  4415 | D:5      | Entered Level 5 of the Dungeon
  4460 | D:5      | Noticed Blork the orc
  4476 | D:5      | Killed Blork the orc
  4704 | D:5      | Found a snail-covered altar of Cheibriados.
  4791 | D:5      | Found a shadowy altar of Dithmenos.
  4801 | D:5      | Reached **** piety under Trog
  5229 | D:5      | Found a sacrificial altar of Ru.
  5424 | D:5      | Found a hide-covered altar of Uskayaw.
  6185 | D:6      | Found a glowing drain.
  6204 | Sewer    | Entered a sewer
  6208 | Sewer    | Noticed fitz's ghost (weakling MiFi)
  6218 | Sewer    | Killed fitz's ghost
  6218 | Sewer    | Reached XP level 9. HP: 57/86 MP: 8/8
  6903 | D:6      | Noticed Grinder
  6907 | D:6      | Killed Grinder
  6931 | D:6      | Found a hide-covered altar of Uskayaw.
  7433 | D:7      | Found a radiant altar of Vehumet.
  7783 | D:7      | Reached ***** piety under Trog
  7956 | D:7      | Gained mutation: Your system is resistant to poisons. (rPois) [mutagenic meat]
  7957 | D:7      | Gained mutation: Your magical capacity is low. (-10% MP) [mutagenic meat]
  7958 | D:7      | Gained mutation: Your mind is acute. (Int +2) [mutagenic meat]
  7959 | D:7      | Gained mutation: Your body sometimes deteriorates upon taking damage. [mutagenic meat]
  7960 | D:7      | Lost mutation: Your body sometimes deteriorates upon taking damage. [mutagenic meat]
  7971 | D:7      | Reached skill level 12 in Fighting
  8001 | D:7      | Noticed Joseph
  8009 | D:7      | Killed Joseph
  8009 | D:7      | Reached skill level 12 in Axes
  8512 | D:8      | Noticed a two-headed ogre
  8512 | D:8      | Noticed a centaur warrior
  8523 | D:8      | Killed a two-headed ogre
  8523 | D:8      | Reached XP level 10. HP: 100/100 MP: 8/8
  8533 | D:8      | Killed a centaur warrior
  8580 | D:8      | Found a large runed door.
  8581 | D:8      | Found a large runed door.
  8602 | D:8      | Found a burning altar of Makhleb.
  8602 | D:8      | Noticed a cyclops
  8609 | D:8      | Killed a cyclops
  8929 | D:8      | Found a bloodstained altar of Trog.
  8929 | D:8      | Noticed a harpy
  8935 | D:8      | Killed a harpy
  9165 | D:8      | Noticed Psyche
  9170 | D:8      | Killed Psyche
  9236 | D:8      | Noticed Grum
  9244 | D:8      | Killed Grum
  9574 | D:8      | Noticed a two-headed ogre
  9584 | D:8      | Killed a two-headed ogre
  9673 | D:8      | Reached XP level 11. HP: 21/110 MP: 8/8
 10841 | D:9      | Found a flagged portal.
 10857 | Bailey   | Entered a bailey
 11098 | Bailey   | Noticed an orc knight
 11099 | Bailey   | Noticed an orc knight
 11183 | Bailey   | Mangled by an orc knight

Skill      XL: |  1  2  3  4  5  6  7  8  9 10 |
---------------+-------------------------------+-----
Fighting       | 4 5 6 7 8 10 12 14 | 14.4
Axes           | 4 5 6 7 8 10 12 14 | 14.3
Armour         | |  2.4
Dodging        | |  2.1

Action                   |  1- 3 |  4- 6 |  7- 9 | 10-12 || total
-------------------------+-------+-------+-------+-------++-------
Melee: Hand axe          |    57 |   148 |   105 |       ||   310
       Headbutt          |     6 |    30 |    62 |    29 ||   127
       Quarterstaff      |       |       |   226 |   140 ||   366
Invok: Berserk           |     1 |     1 |     6 |     3 ||    11
       Trog's Hand       |       |     1 |     5 |     3 ||     9
       Burn Spellbooks   |       |       |     1 |       ||     1
  Use: Scroll            |       |     5 |    11 |     9 ||    25
       Potion            |       |       |       |     1 ||     1
 Stab: Paralysed         |       |       |     3 |       ||     3
  Eat: Chunk             |       |     9 |    29 |     9 ||    47
       Royal jelly       |       |       |       |     1 ||     1
Armor: Animal skin       |     6 |       |       |       ||     6
       Chain mail        |    15 |     4 |       |       ||    19
       Leather armour    |       |    37 |   171 |    51 ||   259
       Ring mail         |       |       |       |    37 ||    37
Dodge: Dodged            |    21 |    84 |   241 |   108 ||   454
